cohdb
Replays
Latest Replays
All Replays
Popular Replays
Top Player Replays
Match Explorer
How It Works
Community
CoH3 Stats
Reddit
Sign in to upload your games and track your stats! →
Sign in with Steam
Match 42878614
Unlisted
Match 42878614
Overview
Messages
Build Orders
End
Kradschützen Motorcycle Team
Panzerpioneer Squad
Selects Battlefield Espionage Battlegroup
Panzergrenadier Squad
Construct Light Support Kompanie
2.5-tonne Medical Truck
Selects 250/3 Funkpanzerwagen
250/3 Funkpanzerwagen
Fire Support Elements
Forward Retreat Point
Pak 38 Mechanized Group
Combat Half-tracks
Construct Panzerarmee Kommand
Emergency Repair Kits
Pak 38 Mechanized Group
Panzer III L Medium Tank
Selects Advanced Ambush Training
Selects Intel Disruption Beacon
Panzer III L Medium Tank
Kradschützen Motorcycle Team
max
Voodoo408
Chompy
Schakal
Snarf
lonely all the way
狼哥
老木的春天
0
0
Comments
sign in to comment!
No comments posted yet!